 Dungeon Crawl Stone Soup version 0.25.1-2-g60ff931df9 (webtiles) character file.

Game seed: 16167986108142041780

265 hehateme the Chopper (level 6, 0/52 HPs)
             Began as a Hill Orc Fighter on Oct 4, 2020.
             Was an Initiate of Beogh.
             Slain by an adder (2 damage)
             ... on level 4 of the Dungeon.
             The game lasted 00:22:05 (2440 turns).

hehateme the Chopper (Hill Orc Fighter)             Turns: 2440, Time: 00:22:05

Health: 0/52       AC:  8    Str: 21    XL:     6   Next: 20%
Magic:  0/6        EV:  7    Int:  8    God:    Beogh [......]
Gold:   212        SH:  9    Dex: 10    Spells: 5/5 levels left

rFire    . . .     SeeInvis .   k - +4 spear
rCold    . . .     Gourm    .   c - +0 kite shield
rNeg     . . .     Faith    .   b - +1 scale mail
rPois    .         Spirit   +   (no helmet)
rElec    .         Reflect  .   t - scarf {+Inv}
rCorr    .         Harm     .   (no gloves)
MR       .....                  (no boots)
Stlth    ..........             i - amulet of guardian spirit
HPRegen  0.17/turn              (no ring)
MPRegen  0.10/turn              (no ring)

@: lethally poisoned (0 -> -1)
A: no striking features
a: Renounce Religion, Evoke Invisibility


You were on level 4 of the Dungeon.
You worshipped Beogh.
Beogh was noncommittal.
You were near starving.

You visited 1 branch of the dungeon, and saw 4 of its levels.

You collected 212 gold pieces.

Inventory:

Hand Weapons
 a - a +0 war axe
 h - a +0 hand axe
 k - a +4 spear (weapon)
 m - a +3 dagger of freezing
 q - a +0 hand axe
 s - a +0 hunting sling
Missiles
 e - 48 stones (quivered)
Armour
 b - a +1 scale mail (worn)
 c - a +0 kite shield (worn)
 j - a +0 centaur barding
 n - a +2 robe of positive energy
 p - a +0 pair of boots
 t - a scarf of invisibility (worn)
Jewellery
 i - an amulet of guardian spirit (around neck)
 o - an uncursed amulet of guardian spirit
 v - a cursed ring of attention {unknown}
Wands
 l - a wand of digging (10)
 u - a wand of flame (14)
Scrolls
 g - a scroll of amnesia
 w - a scroll of random uselessness {unknown}
Potions
 d - a potion of might
 r - a potion of heal wounds
Comestibles
 f - 5 rations


   Skills:
 + Level 4.1 Fighting
 + Level 5.0(5.5) Axes
 + Level 2.7(3.8) Polearms
 + Level 0.1 Throwing
 + Level 4.1 Armour
 + Level 0.5 Dodging
 + Level 0.1 Stealth
 + Level 4.5 Shields


You had 5 spell levels left.
You didn't know any spells.
Your spell library was empty.

Dungeon Overview and Level Annotations

Branches:
Dungeon (4/15)             Temple (0/1) D:4

Altars:
Vehumet


Message History

The gnoll hits you with a +0 whip.
* * * LOW HITPOINT WARNING * * *
You block the adder's attack.
The gnoll shaman hits you with a +0 club.
* * * LOW HITPOINT WARNING * * *
The gnoll hits you but does no damage. The adder bites you but does no damage.
You hit the gnoll.
The gnoll is moderately wounded.
You feel sick. The gnoll hits you with a +0 whip.
* * * LOW HITPOINT WARNING * * *
The gnoll shaman hits you with a +0 club.
* * * LOW HITPOINT WARNING * * *
You closely miss the adder.
The adder is lightly wounded.
The gnoll closely misses you. You block the gnoll shaman's attack.
The adder barely misses you.
You closely miss the adder.
The adder is lightly wounded.
The gnoll hits you but does no damage. The adder bites you.
You die...

#...................##
.............###.......#
............###....##..#
#..........##
##.###..### #####.....##
#<..#.....#
#.....#####.........#
#......##..)g......##
#......##..#Sg......#
#g..g...#@g..#..##
#....g.gS.###...####
......##....######
...... ###.## .##.. ###
#... .g.. .S##


You could see a gnoll shaman, 2 gnolls and an adder.

Vanquished Creatures
  2 hounds
  An orc wizard (D:3)
  Jessica (D:2)
  2 worker ants
  2 gnolls (D:4)
  4 adders
  An ooze (D:1)
  A worm (D:2)
  2 dart slugs (D:1)
  2 leopard geckos
  3 orcs (D:3)
  A giant cockroach (D:1)
  4 goblins
  8 hobgoblins
  2 jackals (D:2)
  3 quokkas
  2 ball pythons
  9 bats
  4 frilled lizards
  7 kobolds
  6 rats
67 creatures vanquished.

Vanquished Creatures (others)
  A worm (D:3)
  An orc (D:3)
2 creatures vanquished.

Grand Total: 69 creatures vanquished

Notes
Turn   | Place    | Note
-------+----------+-------------------------------------------
     0 | D:1      | hehateme the Hill Orc Fighter began the quest for the Orb.
     0 | D:1      | Reached XP level 1. HP: 19/19 MP: 1/1
    85 | D:1      | Reached XP level 2. HP: 20/27 MP: 2/2
   564 | D:1      | Reached XP level 3. HP: 33/33 MP: 3/3
   807 | D:2      | Reached skill level 3 in Axes
  1095 | D:2      | Reached XP level 4. HP: 30/40 MP: 4/4
  1146 | D:2      | Reached skill level 4 in Axes
  1165 | D:2      | Noticed Jessica
  1170 | D:2      | Killed Jessica
  1648 | D:3      | Reached XP level 5. HP: 46/46 MP: 5/5
  1708 | D:3      | Reached skill level 5 in Axes
  1744 | D:3      | Became a worshipper of Beogh the Brigand
  1797 | D:3      | Reached skill level 1 in Polearms
  2098 | D:4      | Found a staircase to the Ecumenical Temple.
  2147 | D:4      | Found a radiant altar of Vehumet.
  2272 | D:4      | Reached XP level 6. HP: 39/52 MP: 4/6
  2438 | D:4      | HP: 2/52 [gnoll shaman/+0 club (4)]
  2440 | D:4      | Slain by an adder

Illustrated notes

Levels and vault maps discovered:
D:1:      dpeg_arrival_radiant, layout_basic, minmay_pentomino_t2
D:2:      layout_rooms, minmay_misc_feat_hallway, uniq_jessica
D:3:      layout_loops_ring, kennysheep_big_empty_room, glass_columns_a,
          minmay_misc_feat_tower, uniq_sigmund
D:4:      layout_cave_pools, vehumet_altar_wand_db,
          minmay_temple_entry_glassed_door, grunt_gozag_breadcrumbs

Skill      XL: |  1  2  3  4  5 |
---------------+----------------+-----
Axes           | 3 4 5 |  5.0
Fighting       | 4 |  4.1
Armour         | 4 |  4.1
Shields        | 4 |  4.5
Polearms       | 2 |  2.7
Throwing       | |  0.1
Dodging        | |  0.5
Stealth        | |  0.1

Action                   |  1- 3 |  4- 6 || total
-------------------------+-------+-------++-------
Melee: War axe           |    82 |       ||    82
       Spear             |       |   111 ||   111
Throw: Stone             |       |     6 ||     6
Invok: Convert to Beogh  |       |     1 ||     1
  Use: Scroll            |     1 |     6 ||     7
       Potion            |     2 |     5 ||     7
  Eat: Ration            |       |     1 ||     1
Armor: Scale mail        |    35 |    45 ||    80
Dodge: Dodged            |    32 |    31 ||    63
Block: Kite shield       |    48 |    59 ||   107
